 Dungeon Crawl Stone Soup version 0.29.1-1-gd02db6906a (webtiles) character file.

Game seed: 10181489894471553580

371 Jerry the Covered (level 6, -2/32 HPs)
             Began as a Vine Stalker Fighter on Sept 15, 2022.
             Slain by an ogre
             ... wielding a +0 giant spiked club
              (16 damage)
             ... on level 4 of the Dungeon.
             The game lasted 00:08:43 (3033 turns).

Jerry the Covered (Vine Stalker Fighter)            Turns: 3033, Time: 00:08:43

Health: -2/32      AC:  8    Str: 18    XL:     6   Next: 71%
Magic:  0/7        EV:  9    Int:  8    God:
Gold:   183        SH:  5    Dex: 16    Spells: 5/5 levels left

rFire   . . .      SeeInvis .   a - +0 rapier
rCold   + . .      Faith    .   c - +0 buckler
rNeg    . . .      Spirit   +   b - +0 scale mail
rPois   .          Reflect  .   (no helmet)
rElec   .          Harm     .   (no cloak)
rCorr   .          Rampage  .   (no gloves)
Will    .....                   h - +0 pair of boots
Stlth   ..........              (no amulet)
HPRegen 0.90/turn               g - ring of protection from cold
MPRegen 0.10/turn               (no ring)

@: no status effects
A: fangs 2, regeneration 1, magic shield, antimagic bite, no potion heal 2
a: no special abilities


You were on level 4 of the Dungeon.
You visited 1 branch of the dungeon, and saw 4 of its levels.

You collected 183 gold pieces.

Inventory:

Hand Weapons
 a - a +0 rapier (weapon)
Missiles
 j - 2 throwing nets (quivered)
Armour
 b - a +0 scale mail (worn)
 c - a +0 buckler (worn)
 h - a +0 pair of boots (worn)
Jewellery
 g - a ring of protection from cold (left hand)
 s - a +6 ring of dexterity
Scrolls
 d - a scroll of vulnerability {unknown}
 e - 2 scrolls of teleportation {unknown}
 f - a scroll of enchant armour {unknown}
 i - 3 scrolls of identify {unknown}
 l - a scroll of torment {unknown}
 m - 2 scrolls of immolation
 n - a scroll of magic mapping {unknown}
 r - a scroll of fear {unknown}
Potions
 k - a potion of brilliance {unknown}
 o - a potion of haste
 p - a potion of heal wounds {unknown}
 q - a potion of resistance {unknown}
 t - a potion of curing


   Skills:
 + Level 3.6 Fighting
 + Level 3.7 Short Blades
 + Level 3.9 Armour
 + Level 1.2 Dodging
 + Level 0.5 Stealth
 + Level 3.4 Shields


You had 5 spell levels left.
You didn't know any spells.
Your spell library contained the following spells:

 Spells                   Type           Power      Damage    Failure   Level
 Beastly Appendage        Tmut           0%         N/A       87%         1
 Magic Dart               Conj           0%         1d3       87%         1
 Call Imp                 Summ           0%         N/A       95%         2
 Wereblood                Tmut           0%         N/A       95%         2
 Mephitic Cloud           Conj/Pois/Air  0%         N/A       99%         3
 Spider Form              Tmut/Pois      0%         N/A       99%         3


Dungeon Overview and Level Annotations

Branches:
Dungeon (4/15)
 Temple: D:4-7

Altars:

Annotations:
D:2 1 runed translucent door, Crazy Yiuf
D:3 Sigmund


Innate Abilities, Weirdness & Mutations

You have extremely sharp teeth.
Your natural rate of healing is unusually fast.
When hurt, damage is shared between your health and your magic reserves.
Your bite disrupts and absorbs the magic of your enemies.
Potions cannot restore your health.


Message History

An endoplasm is nearby!
A dart slug comes into view.
Found a bubbling ruby potion and 3 stones.
You hit the endoplasm. You bite the endoplasm.
You kill the endoplasm!
An ogre and a goblin come into view.
The goblin is wielding a +1 dagger of freezing.
The goblin shouts!
The goblin unwields a +1 dagger of freezing.
The goblin wields a +0 sling.
The goblin shoots a sling bullet.
The sling bullet hits you. The dart slug launches a dart at you.
The slug dart hits you but does no damage.
You start resting.
HP restored.
You start waiting.
A dart slug is nearby!
You hit the dart slug. You bite the dart slug. You drain its power.
The dart slug is severely wounded.
The dart slug closely misses you.
You hit the dart slug.
You kill the dart slug!
You hit the ogre but do no damage. You bite the ogre. You drain its power.
The ogre is lightly wounded.
The ogre closely misses you.
You hit the ogre.
The ogre is lightly wounded.
You puncture the ogre!
The ogre is heavily wounded.
The ogre hits you with a +0 giant spiked club!!
Ouch! That really hurt!
You are too injured to fight recklessly!
You are too injured to fight recklessly!
You are too injured to fight recklessly!
You hit the ogre but do no damage. You bite the ogre. You drain its power.
You feel invigorated.
The ogre is severely wounded.
The ogre hits you with a +0 giant spiked club!!
Ouch! That really hurt!
You die...

.##### #...# .....####
#...#
...>....####.#######
####..#............#
##......####.......#
#...............##.#
#.........##..#.##.#####
.....#.##.##..#........#
#.#..#(# >##....@..###.
#............####O.#
###..####.##.......#
#..# ..O....#.##
.!.....#.# ....w(.#..
.......#..# .......#.#.
...g...#.##.


You could see an ogre.

Vanquished Creatures
  A scorpion (D:4)
  Ijyb (D:3)
  Natasha (D:1)
  Terence (D:1)
  An iguana (D:3)
  7 gnolls
  6 adders
  2 dart slugs
  5 orcs
  5 ball pythons (D:1)
  11 endoplasms
  4 giant cockroaches
  9 hobgoblins
  2 quokkas
  5 bats
  5 frilled lizards
  7 goblins
  8 kobolds
  7 rats
88 creatures vanquished.

Vanquished Creatures (others)
  2 fungi (D:2)
  68 plants (D:1)
70 creatures vanquished.

Grand Total: 158 creatures vanquished

Notes
Turn   | Place    | Note
-------+----------+-------------------------------------------
     0 | D:1      | Jerry the Vine Stalker Fighter began the quest for the Orb.
     0 | D:1      | Reached XP level 1. HP: 11/11 MP: 2/2
   172 | D:1      | Reached XP level 2. HP: 14/16 MP: 3/3
   828 | D:1      | Reached XP level 3. HP: 19/19 MP: 4/4
  1074 | D:2      | Noticed Natasha
  1089 | D:1      | HP: 1/20 [adder (1)]
  1095 | D:1      | Killed Natasha
  1096 | D:1      | Gained mutation: Your natural rate of healing is unusually
                  | fast. [Vine Stalker growth]
  1096 | D:1      | Reached XP level 4. HP: 2/24 MP: 2/5
  1229 | D:2      | Found a faded altar of an unknown god.
  1364 | D:2      | Noticed Terence
  1413 | D:1      | Killed Terence
  1414 | D:1      | Reached XP level 5. HP: 18/28 MP: 1/6
  1909 | D:2      | Found a runed translucent door.
  1910 | D:2      | Noticed Crazy Yiuf
  2071 | D:3      | Reached skill level 1 in Dodging
  2071 | D:3      | Reached XP level 6. HP: 24/32 MP: 5/7
  2504 | D:3      | Noticed Sigmund
  2704 | D:3      | Noticed Ijyb
  2715 | D:3      | HP: 1/32 [disintegration (16)]
  2738 | D:3      | Killed Ijyb
  3033 | D:4      | Slain by an ogre

Illustrated notes

Levels and vault maps discovered:
D:1:      roderic_crop_circles_arrival_small, layout_basic,
          minmay_strange_pillars, amethyst_killhole,
          chequers_serial_rivers_micro_c, chequers_serial_rivers_room_a
D:2:      layout_rooms, hellmonk_ecumenical_altar_blasted,
          uniq_crazy_yiuf_cottage, uniq_natasha, uniq_terence
D:3:      layout_basic, uniq_sigmund, uniq_ijyb
D:4:      layout_loops_cross, amcnicky_mini_pool_small

Skill      XL: |  1  2  3  4  5 |
---------------+----------------+-----
Short Blades   | 2 3 |  3.7
Fighting       | 3 |  3.6
Armour         | 3 |  3.9
Shields        | 3 |  3.4
Dodging        | 1 |  1.2
Stealth        | |  0.5

Action                   |  1- 3 |  4- 6 || total
-------------------------+-------+-------++-------
Melee: Rapier            |    68 |   239 ||   307
       Bite              |    14 |    83 ||    97
Throw: Throwing net      |       |     1 ||     1
  Use: Potion            |     1 |       ||     1
 Stab: Held in net/web   |       |     2 ||     2
Armor: Scale mail        |    34 |    77 ||   111
Dodge: Dodged            |    35 |    88 ||   123
Block: Buckler           |    19 |    52 ||    71
